 Dungeon Crawl Stone Soup version 0.30-a0-304-gdc4b735fe1 (webtiles) character file.

Game seed: 10988934389678305933

41372 Dnbvrw the Unseen (level 13, -5/63 HPs)
             Began as a Spriggan Enchanter on Oct 20, 2022.
             Was a High Priest of Dithmenos.
             Slain by a komodo dragon (23 damage)
             ... on level 1 of the Lair of Beasts.
             The game lasted 00:59:29 (15453 turns).

Dnbvrw the Unseen (Spriggan Enchanter)             Turns: 15453, Time: 00:59:29

Health: -5/63      AC: 14    Str:  7    XL:     13   Next: 79%
Magic:  25/31      EV: 25    Int: 21    God:    Dithmenos [*****.]
Gold:   465        SH: 13    Dex: 27    Spells: 25/38 levels left

rFire   + . .      SeeInvis +    a - +2 dagger (protect)
rCold   + . .      Faith    .    g - +3 warlock's mirror {reflect}
rNeg    . . .      Spirit   .    t - +2 robe {rC+ rF+}
rPois   .          Reflect  +    (helmet restricted)
rElec   .          Harm     .    G - +2 cloak
rCorr   .          Rampage  .    (gloves unavailable)
Will    ++...                    (boots unavailable) Stlth **++++++++
                                 b - amulet of regeneration
HPRegen 1.10/turn                k - +6 ring of intelligence
MPRegen 0.22/turn                C - +6 ring of dexterity

@: under a protective aura, wreathed by umbra, very quick
A: very small, no large weapons, unfitting armour, see invisible, speed 3, agile
1
a: Renounce Religion, Shadow Step, Shadow Form


You were on level 1 of the Lair of Beasts.
You worshipped Dithmenos.
Dithmenos was extremely pleased with you.
You visited 3 branches of the dungeon, and saw 16 of its levels.

You collected 1297 gold pieces.
You spent 832 gold pieces at shops.

Inventory:

Hand Weapons
 a - a +2 dagger of protection (weapon)
Missiles
 n - a throwing net (quivered)
 q - 2 curare-tipped darts
Armour
 g - the +3 warlock's mirror (worn) {reflect}
   (You acquired it on level 13 of the Dungeon)

   It can block and reflect piercing ranged attacks and magical attacks against
   the wielder's willpower.
 t - a +2 robe of resistance (worn)
 G - a +2 cloak (worn)
Jewellery
 b - an amulet of regeneration (around neck)
 k - a +6 ring of intelligence (left hand)
 x - a ring of fire
 B - an amulet of magic regeneration
 C - a +6 ring of dexterity (right hand)
 J - a ring of flight
Wands
 d - a wand of roots (6)
 h - a wand of mindburst (44)
 i - a wand of digging (4)
 o - a wand of polymorph (5)
 w - a wand of charming (10)
 z - a wand of light (9)
Scrolls
 e - 3 scrolls of immolation
 f - 3 scrolls of identify
 m - 8 scrolls of teleportation
 p - 2 scrolls of vulnerability
 r - 2 scrolls of amnesia
 v - a scroll of butterflies
 y - a scroll of brand weapon
 D - a scroll of enchant weapon
 E - a scroll of blinking
 F - a scroll of fear
Potions
 c - a potion of invisibility
 j - 3 potions of cancellation
 l - 5 potions of curing
 s - a potion of brilliance
 u - 3 potions of haste
 A - a potion of lignification
 I - a potion of ambrosia
Miscellaneous
 H - a condenser vane (inert)


   Skills:
 + Level 4.8 Fighting
 + Level 10.4 Short Blades
 + Level 8.3 Dodging
 + Level 16.4 Stealth
 - Level 7.0 Shields
 + Level 13.4 Spellcasting
 + Level 13.7 Hexes


You had 25 spell levels left.
You knew the following spells:

 Your Spells              Type           Power      Damage    Failure   Level
a - Ensorcelled Hibernat  Hex/Ice        84%        N/A       1%          2
b - Tukima's Dance        Hex            64%        N/A       1%          3
c - Dazzling Flash        Conj/Hex       84%        N/A       1%          3
d - Confusing Touch       Hex            64%        N/A       1%          3
e - Blink                 Tloc           28%        N/A       12%         2

Your spell library contained the following spells:

 Spells                   Type           Power      Damage    Failure   Level
 Portal Projectile        Hex/Tloc       84%        N/A       1%          3
 Necrotise                Necr           56%        1d6       9%          1
 Shock                    Conj/Air       56%        1d6       9%          1
 Sting                    Tmut/Pois      56%        1d5       9%          1
 Momentum Strike          Conj/Tloc      28%        3d8       12%         2
 Poisonous Vapours        Pois/Air       28%        N/A       12%         2
 Lesser Beckoning         Tloc           28%        N/A       24%         3
 Swiftness                Air            14%        N/A       24%         3
 Vampiric Draining        Necr           14%        2d7       24%         3
 Airstrike                Air            7%         2d(1-17)  63%         4
 Olgreb's Toxic Radiance  Pois           14%        N/A       63%         4
 Agony                    Necr           14%        N/A       92%         5
 Blade Hands              Tmut           7%         N/A       92%         5


Dungeon Overview and Level Annotations

Branches:
Dungeon (14/15)            Temple (1/1) D:7            Lair (1/5) D:10
    Orc (0/2) D:10         Vaults (0/5) D:13

Altars:
Ashenzari
Cheibriados
Dithmenos
Elyvilon
Fedhas
Gozag
Hepliaklqana
Kikubaaqudgha
Makhleb
Nemelex Xobeh
Okawaru
Qazlal
Ru
Sif Muna
Trog
Uskayaw
Vehumet
Wu Jian
Xom
Yredelemnul
Zin
The Shining One

Shops:
D:6 :   D:13 ?


Innate Abilities, Weirdness & Mutations

You are very small and have problems with some larger weapons.
You are too small for most types of armour.
You have supernaturally acute eyesight. (SInv)
You cover ground extremely quickly. (Speed+++)
You are agile. (Dex +4, Str/Int -1)


Message History

You feel better.
The seven-headed hydra completely misses you. x2
The seven-headed hydra misses you.
The seven-headed hydra closely misses you. x2
You block the seven-headed hydra's attack.
The seven-headed hydra misses you. The komodo dragon misses you.
You feel better.
The seven-headed hydra is no longer blind.
You block the seven-headed hydra's attack.
The seven-headed hydra closely misses you.
You block the seven-headed hydra's attack.
The seven-headed hydra barely misses you.
The seven-headed hydra bites you but does no damage.
The seven-headed hydra misses you.
You block the seven-headed hydra's attack.
The komodo dragon completely misses you.
You hit the komodo dragon but do no damage.
The seven-headed hydra bites you but does no damage.
The seven-headed hydra closely misses you.
You block the seven-headed hydra's attack.
The seven-headed hydra misses you.
The seven-headed hydra bites you but does no damage.
The seven-headed hydra bites you.
The seven-headed hydra closely misses you.
The komodo dragon misses you.
You hit the komodo dragon but do no damage.
Your shadow hits the komodo dragon with a dagger.
The komodo dragon is no longer blind.
Unknown command.
Unknown command.
Unknown command.
The seven-headed hydra completely misses you.
The seven-headed hydra barely misses you.
The seven-headed hydra bites you.
* * * LOW HITPOINT WARNING * * *
You block the seven-headed hydra's attack. x2
The seven-headed hydra barely misses you.
You block the seven-headed hydra's attack.
The komodo dragon bites you!!
You die...

..#..........
.......P..YF ......P..Y
#♣....Y.. .♣.......
#........#####
#...P....#$)$#
#[...P.PY#D$l# P
#.....P..#.@.# F... (##
#.....PP.##+##.....
.P###.♣♣......Y..P....P
..(........†..........
#...#P............... .
#.###...†P.......... .#
##$.#.........P..P♣♣♣
.# #....###♣.♣....P♣.♣
.. ##...# ##♣....♣.##


You could see a seven-headed hydra and a komodo dragon.

Vanquished Creatures
  3 hydras (D:14)
  An ogre mage (D:14)
  4 centaur warriors
  2 boulder beetles
  A dancing weapon (D:14)
  A catoblepas (D:14)
  The ghost of Guhulijo the Stormcaller, a journeyman FeAE of Gozag (D:14)
  4 two-headed ogres (D:14)
  A hell knight (D:14)
  A skeletal warrior (D:13)
  A deep elf pyromancer (D:14)
  An orc knight (D:13)
  11 ugly things
  4 cyclopes
  3 manticores
  Joseph (D:9)
  4 centaur skeletons (D:13)
  Psyche (D:9)
  5 gargoyles (D:9)
  A rime drake (D:10)
  3 unseen horrors
  2 komodo dragons
  A kobold demonologist (D:12)
  2 efreet
  9 trolls
  7 meliai
  A meliai (shapeshifter) (D:14)
  Prince Ribbit (D:5)
  2 hornets
  5 blink frogs (Lair:1)
  4 slime creatures (D:13)
  3 shadows
  A spriggan (Lair:1)
  A vampire (D:9)
  A wyvern (D:9)
  6 yaks (D:8)
  5 wraiths
  3 basilisks
  4 vampire mosquitoes
  3 acid dragons
  4 water moccasins (Lair:1)
  8 ice beasts
  Duvessa (D:4)
  3 black bears
  6 orc warriors
  3 wolves (D:10)
  A boggart (D:13)
  9 centaurs
  4 ogres
  2 phantoms (D:6)
  Blork the orc (D:5)
  6 kobold brigands
  2 gnoll sergeants
  4 scorpions
  4 bullfrogs
  A necrophage (D:5)
  A wight (D:9)
  Dowan (D:4)
  12 killer bees
  2 vampire bats (D:10)
  8 howler monkeys
  2 lava snakes (D:14)
  3 hounds
  4 jellies
  2 orc priests
  Natasha (thrice) (D:2)
  7 iguanas
  3 orc wizards
  6 gnolls
  9 adders
  A shadow imp (D:6)
  A white imp (D:6)
  2 ufetubi
  A worm (D:2)
  A dart slug (D:2)
  21 orcs
  6 bats
  4 bat skeletons (D:10)
  2 bat zombies (D:10)
  10 endoplasms
  3 giant cockroaches
  4 goblins
  10 hobgoblins
  19 kobolds
  5 quokkas
  10 ball pythons
  7 frilled lizards
  4 rats
348 creatures vanquished.

Vanquished Creatures (collateral kills)
  A wyvern (D:10)
  An ice beast (D:10)
  A wolf (D:10)
  A gnoll sergeant (D:11)
  4 wights (D:9)
  A howler monkey (D:10)
  An orc wizard (D:8)
  9 gnolls
  4 orcs (D:8)
23 creatures vanquished.

Vanquished Creatures (others)
  A two-headed ogre (D:10)
  7 dancing weapons
  3 fungi (Lair:1)
  31 plants
42 creatures vanquished.

Grand Total: 413 creatures vanquished

Notes
Turn   | Place    | Note
-------+----------+-------------------------------------------
     0 | D:1      | Dnbvrw the Spriggan Enchanter began the quest for the Orb.
     0 | D:1      | Reached XP level 1. HP: 9/9 MP: 5/5
    65 | D:1      | Found a faded altar of an unknown god.
   163 | D:1      | Reached XP level 2. HP: 13/13 MP: 7/7
   168 | D:1      | Learned a level 2 spell: Ensorcelled Hibernation
  1059 | D:2      | Reached XP level 3. HP: 16/16 MP: 3/9
  1063 | D:2      | Learned a level 3 spell: Tukima's Dance
  1067 | D:2      | Learned a level 3 spell: Confusing Touch
  1523 | D:2      | Reached XP level 4. HP: 19/21 MP: 3/11
  1562 | D:2      | Reached skill level 5 in Hexes
  1642 | D:2      | Noticed Natasha
  1651 | D:2      | Killed Natasha
  1897 | D:2      | Learned a level 3 spell: Dazzling Flash
  2082 | D:2      | Noticed Natasha
  2089 | D:2      | Killed Natasha
  2090 | D:2      | Reached XP level 5. HP: 19/24 MP: 8/13
  2258 | D:2      | Reached skill level 5 in Spellcasting
  2385 | D:2      | Noticed Natasha
  2394 | D:2      | Killed Natasha
  2753 | D:3      | Reached skill level 5 in Stealth
  3338 | D:3      | Found a glowing golden altar of the Shining One.
  3338 | D:3      | Found a faded altar of an unknown god.
  3348 | D:3      | Found a hazy altar of Hepliaklqana.
  3351 | D:3      | Found a faded altar of an unknown god.
  3353 | D:3      | Found a basalt altar of Yredelemnul.
  3388 | D:3      | Reached XP level 6. HP: 28/28 MP: 10/15
  4006 | D:4      | Noticed Duvessa
  4023 | D:4      | Noticed Dowan
  4035 | D:4      | Killed Duvessa
  4036 | D:4      | Reached skill level 6 in Stealth
  4057 | D:4      | Killed Dowan
  4543 | D:4      | Reached XP level 7. HP: 32/32 MP: 8/17
  4687 | D:5      | Entered Level 5 of the Dungeon
  4692 | D:5      | Reached skill level 7 in Stealth
  4819 | D:5      | Reached skill level 8 in Stealth
  4864 | D:5      | Noticed Blork the orc
  4871 | D:5      | Killed Blork the orc
  4899 | D:5      | Reached XP level 8. HP: 36/36 MP: 14/20
  5106 | D:5      | Noticed Prince Ribbit
  5109 | D:5      | Reached skill level 9 in Stealth
  5116 | D:5      | Killed Prince Ribbit
  5682 | D:6      | Reached skill level 10 in Stealth
  5901 | D:6      | Found Zonulien's Tremendous Tomes.
  6140 | D:6      | Reached XP level 9. HP: 36/39 MP: 20/22
  6815 | D:7      | Found a staircase to the Ecumenical Temple.
  6822 | Temple   | Entered the Ecumenical Temple
  6836 | Temple   | Became a worshipper of Dithmenos the Shadowed
  6889 | D:7      | Reached skill level 11 in Stealth
  7040 | D:7      | Reached skill level 10 in Hexes
  7429 | D:7      | Reached * piety under Dithmenos
  7735 | D:7      | Found a bloodstained altar of Trog.
  7904 | D:8      | Reached skill level 12 in Stealth
  7904 | D:8      | Reached skill level 10 in Spellcasting
  7970 | D:8      | Found a shimmering altar of Xom.
  8241 | D:8      | Reached XP level 10. HP: 44/44 MP: 13/25
  8257 | D:8      | Reached skill level 13 in Stealth
  8502 | D:8      | Reached ** piety under Dithmenos
  8719 | D:9      | Noticed Joseph
  8726 | D:9      | HP: 2/44 [Joseph/+0 quarterstaff (12)]
  8733 | D:9      | Killed Joseph
  8838 | D:8      | HP: 2/44 [poisoned by a killer bee]
  9243 | D:9      | Found a white marble altar of Elyvilon.
  9298 | D:9      | Reached skill level 14 in Stealth
  9451 | D:9      | Noticed Psyche
  9455 | D:9      | Killed Psyche
  9548 | D:9      | Reached skill level 1 in Fighting
  9600 | D:9      | Noticed a gargoyle
  9602 | D:9      | Killed a gargoyle
  9607 | D:9      | Noticed a gargoyle
  9609 | D:9      | Killed a gargoyle
  9624 | D:9      | Noticed a gargoyle
  9626 | D:9      | Killed a gargoyle
  9630 | D:9      | Noticed a gargoyle
  9632 | D:9      | Killed a gargoyle
  9637 | D:9      | Noticed a gargoyle
  9639 | D:9      | Killed a gargoyle
  9640 | D:9      | Reached XP level 11. HP: 50/50 MP: 27/27
  9690 | D:9      | Found a sparkling altar of Nemelex Xobeh.
 10211 | D:9      | Found a burning altar of Makhleb.
 10213 | D:9      | Found an opulent altar of Gozag.
 10242 | D:10     | Entered Level 10 of the Dungeon
 10437 | D:10     | Found a staircase to the Lair.
 10440 | D:10     | Noticed a two-headed ogre
 10478 | D:10     | Reached skill level 5 in Dodging
 10486 | D:10     | Reached *** piety under Dithmenos
 10697 | D:10     | Found a staircase to the Orcish Mines.
 10951 | D:10     | Found an ancient bone altar of Kikubaaqudgha.
 11043 | D:10     | Reached skill level 15 in Stealth
 11364 | D:11     | Noticed a red ugly thing
 11371 | D:11     | Killed a red ugly thing
 11617 | D:11     | Identified the +6 trident of the Snake Pit {flame, rC+
                  | Str-3 Int+2 Dex+3}
 11983 | D:11     | Learned a level 2 spell: Blink
 12190 | D:12     | Identified the +8 shortbow "Orb Guardian's Death" {freeze,
                  | rC- Will+ MP+9}
 12461 | D:12     | Noticed a boulder beetle
 12464 | D:12     | Killed a boulder beetle
 12465 | D:12     | Reached skill level 5 in Short Blades
 12478 | D:12     | Reached **** piety under Dithmenos
 12489 | D:12     | Reached XP level 12. HP: 47/58 MP: 17/29
 13092 | D:13     | Noticed a centaur warrior
 13115 | D:13     | Killed a centaur warrior
 13116 | D:13     | Reached skill level 16 in Stealth
 13225 | D:13     | Found Rosh's Magic Scroll Shoppe.
 13229 | D:13     | Bought a scroll of acquirement for 832 gold pieces
 13229 | D:13     | Found a radiant altar of Vehumet.
 13298 | D:13     | Noticed a centaur warrior
 13299 | D:13     | Killed a centaur warrior
 13365 | D:13     | Found a gate to the Vaults.
 13749 | D:13     | Reached skill level 10 in Short Blades
 13881 | D:13     | Acquired the +3 warlock's mirror {reflect}
 13881 | D:13     | Found the +3 warlock's mirror {reflect}
 13951 | D:14     | Noticed a centaur warrior
 13960 | D:14     | Killed a centaur warrior
 13961 | D:14     | Reached skill level 1 in Shields
 13964 | D:14     | Noticed a centaur warrior
 13984 | D:14     | Killed a centaur warrior
 14008 | D:14     | Noticed a four-headed hydra
 14014 | D:14     | Killed a four-headed hydra
 14037 | D:14     | Noticed a boulder beetle
 14038 | D:14     | Noticed an eight-headed hydra
 14045 | D:14     | Killed a boulder beetle
 14046 | D:14     | Reached XP level 13. HP: 61/61 MP: 31/31
 14055 | D:14     | Reached ***** piety under Dithmenos
 14168 | D:14     | Found a runed translucent door.
 14168 | D:14     | Found a shimmering altar of Xom.
 14168 | D:14     | Noticed Guhulijo's ghost (journeyman FeAE)
 14200 | D:14     | Reached skill level 5 in Shields
 14214 | D:14     | Killed Guhulijo's ghost
 15196 | Lair:1   | Entered Level 1 of the Lair of Beasts
 15197 | Lair:1   | Gained mutation: You are agile. (Dex +4, Str/Int -1)
                  | [potion of mutation]
 15453 | Lair:1   | Slain by a komodo dragon

Illustrated notes

Levels and vault maps discovered:
D:1:      dpeg_arrival_connections, layout_basic,
          chequers_ecumenical_altar_simple_redux
D:2:      layout_basic, serial_bayou, serial_bayou_lake_a, serial_bayou_shore_a,
          serial_bayou_pond_b, serial_bayou_shore_b, kennysheep_generic_room_13,
          uniq_natasha
D:3:      layout_rooms, chequers_temple_overflow_minitemple, fountainhead
D:4:      layout_loops_ring, serial_rivers, chequers_serial_rivers_micro_a,
          chequers_serial_rivers_room_b, chequers_serial_rivers_room_a,
          chequers_serial_rivers_micro_b, chequers_serial_rivers_micro_e,
          grunt_tough_drop, uniq_duvessa
D:5:      layout_loops_ring, uniq_blork_the_orc, uniq_prince_ribbit1
D:6:      layout_layer_cave, nicolae_kite_square_tiling_tiny,
          serial_bayou_ford_a, minmay_misc_feat_more_columns,
          nicolae_shop_i_like_big_books
D:7:      layout_basic, trog_hazing_becter, minmay_temple_entry_gardened_gates,
          minmay_fountain_box, minmay_misc_feat_four_crosses
D:8:      layout_cave_pools, old_standard_altar, minmay_lizard_king
D:9:      cheibrodos_statue_roulette, layout_basic, lemuel_crystal_altar,
          nicolae_overflow_hidden_temple, uniq_joseph, uniq_psyche
D:10:     layout_loops_cross, kennysheep_vampire_church,
          hellmonk_lair_entry_icy, orc_0_dummy
D:11:     layout_basic
D:12:     layout_irregular_city, drop_trap, minmay_joined_circles
D:13:     cheibrodos_quadrivalence, layout_basic,
          hangedman_vaults_entry_quadrant_bands, serial_shops, shop,
          vehumet_crystals
D:14:     minmay_angry_zag, layout_cave_pools, ebering_ghost_xom,
          kennysheep_path_1, kennysheep_island_fort
Temple:   nicolae_temple_no_exploring_needed
Lair:1:   wander_river, layout_loops_ring, grunt_forest_large_clearing_hut,
          grunt_megastairs_2

Skill      XL: |  1  2  3  4  5  6  7  8  9 10 11 12 13 |
---------------+----------------------------------------+-----
Spellcasting   | 3 4 5 6 7 8 10 11 12 13 | 13.4
Hexes          | 4 5 6 7 9 11 12 13 | 13.7
Stealth        | 5 6 8 10 12 14 15 16 | 16.4
Dodging        | 4 6 7 8 |  8.3
Fighting       | 1 3 4 |  4.8
Short Blades   | 2 5 10 | 10.4
Shields        | 3 7 |  7.0

Action                   |  1- 3 |  4- 6 |  7- 9 | 10-12 | 13-15 || total
-------------------------+-------+-------+-------+-------+-------++-------
Melee: Dagger            |    83 |   195 |   305 |   354 |    82 ||  1019
       Punch             |     1 |       |     6 |     4 |       ||    11
 Cast: Ensorcelled Hiber |    11 |    36 |    60 |    90 |    42 ||   239
       Tukima's Dance    |     2 |     5 |    14 |    19 |       ||    40
       Confusing Touch   |       |     3 |    14 |    14 |     2 ||    33
       Dazzling Flash    |       |       |       |       |     8 ||     8
       Blink             |       |       |       |       |     1 ||     1
Invok: Shadow Step       |       |       |       |       |     1 ||     1
Evoke: Wand              |       |       |     3 |     6 |       ||     9
       Condenser vane    |       |       |       |       |     1 ||     1
  Use: Scroll            |     6 |     6 |     8 |     5 |     2 ||    27
       Potion            |       |     3 |       |     3 |     4 ||    10
 Stab: Sleeping          |    15 |    23 |    55 |   101 |    35 ||   229
       Distracted        |     1 |       |       |       |     2 ||     3
       Confused          |       |     3 |    10 |    12 |     2 ||    27
       Invisible         |       |       |       |       |     8 ||     8
Armor: Robe              |     9 |    26 |    32 |    80 |     8 ||   155
Dodge: Dodged            |    57 |   184 |   209 |   348 |    72 ||   870
Block: Buckler           |       |       |       |     3 |    50 ||    53
       Reflection        |       |       |       |       |     1 ||     1

Table legend: (Time is in decaauts)
 A = Elapsed time spent in this place.
 B = Non-inter-level travel time spent in this place.
 C = Inter-level travel time spent in this place.
 D = Time resting spent in this place.
 E = Time spent auto-exploring this place.
 F = Levels seen in this place.
 G = Mean time per level.
                   A        B        C        D        E       F      G
               +--------+--------+--------+--------+--------+-----+--------+
         Total |  11143 |  10701 |    442 |    544 |   7239 |  16 |  696.4 |
       Dungeon |  10953 |  10517 |    436 |    544 |   7124 |  14 |  782.4 |
        Temple |     14 |      9 |      5 |      0 |      0 |   1 |   14.0 |
          Lair |    174 |    174 |      0 |      0 |    115 |   1 |  174.0 |
               +--------+--------+--------+--------+--------+-----+--------+

Top non-repeatable levels by time:
     D:2: 1139 daAuts
     D:9: 1016 daAuts
     D:8: 861 daAuts
    D:14: 860 daAuts
     D:3: 837 daAuts
     D:4: 816 daAuts
     D:6: 789 daAuts
     D:5: 710 daAuts
    D:11: 692 daAuts
     D:1: 688 daAuts
     D:7: 665 daAuts
    D:13: 628 daAuts
    D:10: 626 daAuts
    D:12: 619 daAuts
  Lair:1: 174 daAuts
